 Dungeon Crawl Stone Soup version 0.31-a0-185-g9dded2c639 (webtiles) character file.

Game seed: 14522575328385367318

273 qw the Skirmisher (level 6, -3/35 HPs)
             Began as a Deep Elf Hunter on June 22, 2023.
             Slain by Grinder (6 damage)
             ... on level 3 of the Dungeon.
             The game lasted 00:00:53 (1896 turns).

qw the Skirmisher (Deep Elf Hunter)                 Turns: 1896, Time: 00:00:53

Health: -3/35      AC:  5    Str: 10    XL:     6   Next: 3%
Magic:  8/8        EV: 11    Int: 14    God:
Gold:   146        SH:  0    Dex: 18    Spells: 5/5 levels left

rFire   . . .        Y - +0 shortbow
rCold   . . .        (shield currently unavailable)
rNeg    . . .        f - +0 ring mail
rPois   .            (no helmet)
rElec   .            (no cloak)
rCorr   .            (no gloves)
SInv    .            (no boots)
Will    .....        (no amulet)
Stlth   +            (no ring)
HPRegen 0.25/turn    (no ring)
MPRegen 0.11/turn

%: no passive effects
@: no status effects
A: no striking features
a: no special abilities


You were on level 3 of the Dungeon.
You visited 1 branch of the dungeon, and saw 4 of its levels.

You collected 146 gold pieces.


   Skills:
 - Level 2.2 Fighting
 + Level 9.3 Ranged Weapons
 - Level 2.4 Dodging
 - Level 1.2 Stealth


You had 5 spell levels left.
You didn't know any spells.
Your spell library was empty.

Inventory:

Hand Weapons
 Y - a +0 shortbow (weapon)
Armour
 f - a +0 ring mail (worn)
Jewellery
 b - a ring of fire
Potions
 c - a potion of curing {unknown}
 d - a potion of might {unknown}
 e - a potion of brilliance {unknown}

Dungeon Overview and Level Annotations

Branches:
Dungeon (4/15)
 Temple: D:4-7

Altars:

Annotations:
D:3 Grinder


Message History

Grinder hits you.
You writhe in agony.
Grinder completely misses you.
You can move again.
1884 ||| STAIRDANCE Grinder hits you.
You writhe in agony.
You climb upwards.
There is a stone staircase leading down here.
You shoot an arrow.
The arrow hits Grinder but does no damage.
Grinder completely misses you.
You shoot an arrow. The arrow completely misses Grinder.
Grinder hits you!
You shoot an arrow. The arrow closely misses Grinder.
Grinder misses you.
You shoot an arrow.
The arrow hits Grinder but does no damage.
Grinder blinks!
You shoot an arrow. The arrow hits Grinder.
Grinder is lightly wounded.
Grinder gestures at you. Pain shoots through your body!
You shoot an arrow. The arrow hits Grinder.
Grinder is lightly wounded.
Grinder gestures at you.
You suddenly lose the ability to move!
You can move again.
You shoot an arrow.
The arrow hits Grinder but does no damage.
Grinder is lightly wounded.
Grinder gestures at you.
You struggle to resist.
You shoot an arrow. The arrow hits Grinder.
Grinder is lightly wounded.
You shoot an arrow. The arrow hits Grinder!
Grinder is moderately wounded.
Grinder hits you.
You shoot an arrow. The arrow hits Grinder.
Grinder is moderately wounded.
Grinder hits you.
You die...

### #.. #.# #.# #.#
##### #.#
##...########.#######
#.....##.##....)......
#..(5@................
#.....##.##.#.#######.
##...######.#.# #.
##.## #.#.# #% #<#
#.#.# #. #.# #.#.# #.
#.# #.#.# ###> #.#
#.#.#####... #.#
#.#.).......


You could see Grinder.

Vanquished Creatures
  Sigmund (D:2)
  An orc priest (D:3)
  2 adders
  A worm (D:4)
  A dart slug (D:4)
  4 orcs (D:3)
  A bat (D:1)
  2 giant cockroaches
  7 goblins
  A hobgoblin (D:2)
  9 jackals
  6 kobolds
  3 quokkas (D:1)
  4 ball pythons
  2 frilled lizards
  3 rats
48 creatures vanquished.

Notes
Turn   | Place    | Note
-------+----------+-------------------------------------------
     0 | D:1      | qw the Deep Elf Hunter began the quest for the Orb.
     0 | D:1      | Reached XP level 1. HP: 12/12 MP: 3/3
     0 | D:1      | 0 ||| qw: Version: 0.3-a-9-g12657ce
     0 | D:1      | 0 ||| qw: Game counter: 1708
     0 | D:1      | 0 ||| qw: Always use a shield: true
     0 | D:1      | 0 ||| qw: God list: Okawaru
     0 | D:1      | 0 ||| qw: Allow faded altars: false
     0 | D:1      | 0 ||| qw: Do Orc after D:15 true
     0 | D:1      | 0 ||| qw: Do second Lair branch before Depths: true
     0 | D:1      | 0 ||| qw: Lair rune preference: random
     0 | D:1      | 0 ||| qw: Plans: Normal
     0 | D:1      | 0 ||| PLANNING D:1-11
   171 | D:1      | Reached skill level 6 in Ranged Weapons
   171 | D:1      | Reached XP level 2. HP: 16/16 MP: 4/4
   666 | D:1      | 666 ||| UPGRADING to +0 ring mail.
   676 | D:1      | 676 ||| DROPPING +0 leather armour.
   677 | D:1      | 677 ||| DROPPING amulet of magic regeneration.
   678 | D:1      | 678 ||| DROPPING scroll of butterflies.
   706 | D:2      | Reached XP level 3. HP: 15/20 MP: 5/5
   880 | D:2      | Found a faded altar of an unknown god.
  1027 | D:2      | Noticed Sigmund
  1035 | D:2      | 1035 ||| FLEEEEING.
  1036 | D:2      | HP: 3/20 [Sigmund/+0 scythe (8)]
  1040 | D:2      | Killed Sigmund
  1041 | D:2      | Reached skill level 9 in Ranged Weapons
  1041 | D:2      | Reached XP level 4. HP: 6/25 MP: 6/6
  1041 | D:2      | Reached XP level 5. HP: 7/29 MP: 7/7
  1456 | D:2      | 1456 ||| READING scroll labelled ZUCOTI FEUSAOG.
  1648 | D:3      | Reached XP level 6. HP: 35/35 MP: 8/8
  1701 | D:3      | You fall into a shaft and drop 1 floor!
  1707 | D:4      | 1707 ||| PLANNING OSSUARY
  1771 | D:4      | Noticed Grinder
  1774 | D:4      | 1774 ||| FLEEEEING.
  1775 | D:4      | 1775 ||| FLEEEEING.
  1776 | D:4      | 1776 ||| FLEEEEING.
  1777 | D:4      | 1777 ||| FLEEEEING.
  1786 | D:4      | 1786 ||| FLEEEEING.
  1787 | D:4      | 1787 ||| FLEEEEING.
  1788 | D:4      | 1788 ||| FLEEEEING.
  1789 | D:4      | 1789 ||| FLEEEEING.
  1790 | D:4      | 1790 ||| FLEEEEING.
  1791 | D:4      | 1791 ||| FLEEEEING.
  1792 | D:4      | 1792 ||| FLEEEEING.
  1793 | D:4      | 1793 ||| FLEEEEING.
  1797 | D:4      | 1797 ||| STAIRDANCE
  1812 | D:3      | 1812 ||| READING scroll labelled PIUS OSANOCEFA.
  1816 | D:3      | 1816 ||| READING scroll labelled SEDE SITIBU.
  1817 | D:3      | 1817 ||| READING scroll labelled UHYFAM ANEUFU.
  1845 | D:4      | 1845 ||| STAIRDANCE
  1881 | D:4      | Paralysed by Grinder for 3 turns
  1884 | D:4      | 1884 ||| STAIRDANCE
  1890 | D:3      | HP: 3/35 [Grinder/nerve-wracking pain (14)]
  1891 | D:3      | Paralysed by Grinder for 2 turns
  1895 | D:3      | HP: 3/35 [Grinder (2)]
  1896 | D:3      | Slain by Grinder

Levels and vault maps discovered:
D:1:      minmay_arrival_arboretum_small, layout_loops_ring
D:2:      layout_loops_cross, shapermc_ecumenical_altar_flowoftime, uniq_sigmund
D:3:      minmay_skewed_foursquare, layout_loops_ring, slow_altar_2,
          minmay_quadrilaterals
D:4:      layout_rooms, enter_ossuary_4, minmay_shop_grid_forest,
          lemuel_flame_loot_1, uniq_grinder

Skill      XL: |  1  2  3  4  5 |
---------------+----------------+-----
Ranged Weapons | 6 9 |  9.3
Fighting       | 2 |  2.2
Dodging        | |  2.4
Stealth        | |  1.2

Action                     |  1- 3 |  4- 6 || total
---------------------------+-------+-------++-------
   Fire: Shortbow          |    84 |    61 ||   145
    Use: Scroll            |       |     4 ||     4
 Armour: Leather armour    |    10 |       ||    10
         Ring mail         |       |     3 ||     3
  Dodge: Dodged            |    21 |    11 ||    32

Table legend:
 A = Non-vault XP
 B = Vault XP
 C = Vault XP percentage of total XP
 D = Non-vault monster count
 E = Vault monster count
 F = Vault count percentage of total count
                 A         B        C        D         E       F
            +---------+---------+-------+---------+---------+-------
      Total |     155 |     236 |  60.4 |      44 |       4 |   8.3
            +---------+---------+-------+---------+---------+-------
        D:1 |      37 |       0 |   0.0 |      20 |       0 |   0.0
        D:2 |      32 |     231 |  87.8 |      12 |       1 |   7.7
        D:3 |      75 |       5 |   6.2 |       9 |       3 |  25.0
        D:4 |      11 |       0 |   0.0 |       3 |       0 |   0.0
            +---------+---------+-------+---------+---------+-------
